Unix NetHack Version 5.0.0-0 post-release - last build Jun 10 2026 00:39:30 (3ee93aec679c4c4259841fe613dc97188e26a321,branch:main).

Game began 2026-07-11 19:27:20, ended 2026-07-11 20:33:24.

Calendula, neutral female human Wizard

         ------------
        #.:.........|
        #|...........
        #|.{.<...)..|
        #------------
        ####
           #
           #
           #
   --------#
   |?!?!?.|#
   |*[))@.-H@#
   |(?!%..|
   --------

Calendula the Conjurer    St:8 Dx:15 Co:17 In:18 Wi:11 Ch:9  Neutral
Dlvl:2  $:0  HP:0(26) Pw:32(32) AC:10 Xp:3 T:752 

Latest messages:
 Abitibi offers 25 gold pieces for your crested helmet.  Sell it? [ynaq] (n) y
 You sold a rusty crested helmet for 25 gold pieces.
 You drop an elven mithril-coat.
 Abitibi offers 120 gold pieces for your elven mithril-coat.  Sell it? [ynaq] (n) y
 You sold an elven mithril-coat for 120 gold pieces.
 What do you want to zap? [cqs or ?*] ?
 Nothing happens.
 What do you want to zap? [cqs or ?*] s
 In what direction? .
 You turn into a coyote!
 You shrink out of your cloak!
 You rebalance your load.  Movement is difficult.
 Your helm falls to the ground!
 You find you must drop your quarterstaff!
 Your movements are only slowed slightly by your load.
 You aren't able to zap anything in your current form.
 Are you sure you want to pray? [yn] (n) y
 You begin praying to Thoth.
 You are surrounded by a shimmering light.
 You finish your prayer.
 You feel that Thoth is pleased.
 Your shape becomes uncertain.
 You return to human form!
 Your movements are now unencumbered.
 What do you want to zap? [cqs or ?*] ?
 In what direction? 4
 Saskia turns into a storm giant!
 Abitibi gets angry!
 Abitibi is furious!
 Abitibi is furious!
 Saskia misses it.
 Abitibi zaps an ebony wand!
 The wand hits Saskia!
 The wand misses you.
 Saskia hits it.
 Saskia picks up a blessed +1 quarterstaff.
 Abitibi zaps a wand of striking!
 The wand hits Saskia!
 The wand hits you!
 Saskia picks up a +0 iron skull cap.
 Abitibi zaps a wand of striking!
 The wand hits Saskia!
 The wand hits you!
 You die...
 Abitibi comes and takes all your possessions.
 Do you want to see what you had when you died? [ynq] (y) y
 Do you want to see your attributes? [ynq] (y) y
 Do you want an account of creatures vanquished? [ynaq] (y) y
 Do you want to see your conduct and achievements? [ynq] (y) y
 Do you want to see the dungeon overview? [ynq] (y) y

Inventory:
 Scrolls  ('?')
  k - an uncursed scroll of remove curse
  i - an uncursed scroll of scare monster
 Spellbooks  ('+')
  m - an uncursed spellbook of extra healing
  l - a blessed spellbook of force bolt
 Potions  ('!')
  h - an uncursed potion of confusion
  g - an uncursed potion of gain energy
 Rings    ('=')
  e - an uncursed +1 ring of gain constitution (on right hand)
  d - an uncursed ring of shock resistance (on left hand)
 Wands    ('/')
  c - a wand of digging (0:6)
  s - a wand of polymorph (0:6)
  q - a wand of polymorph (0:0)
 Tools    ('(')
  o - an uncursed blindfold
  n - a magic marker (0:22)

Calendula the Wizard's attributes:

Background:
 You were a Conjurer, a level 3 female human Wizard.
 You were neutral, on a mission for Thoth
 who was opposed by Ptah (lawful) and Anhur (chaotic).
 You were right-handed.
 You were in the Dungeons of Doom, on level 2.
 You entered the dungeon 752 turns ago.
 You had 49 experience points, 31 more were needed to attain level 4.

Basics:
 You had 0 out of 26 hit points.
 You had all 32 energy points (spell power).
 Your armor class was 10.
 Your wallet was empty.
 Autopickup was off.

Final Characteristics:
 Your strength was 8 (limit:18/100).
 Your dexterity was 15 (limit:18).
 Your constitution was 17 (base:16, limit:18).
 Your intelligence was 18 (limit:18).
 Your wisdom was 11 (limit:18).
 Your charisma was 9 (limit:18).

Final Status:
 You weren't hungry.
 You were unencumbered.
 You were bare handed.
 You were unskilled in bare handed combat.
 You weren't wearing any armor.

Final Attributes:
 You were fervently aligned.
 You were shock resistant.
 Your items were protected from electric shocks.
 You could recognize detrimental food.
 You are dead.

Miscellaneous:
 You didn't encounter any bones levels.
 Total elapsed playing time was 45 minutes and 33 seconds.

Major events:
 Turn
    1: Calendula the neutral female human Wizard entered the dungeon
  461: attained the rank of Conjurer (level 3)
  752: killed by a wand

Spells:
 Name                 Level Category     Fail Retention
 force bolt             1   attack         0%  91%-100%
 extra healing          3   healing       85%  76%-100%

Skills:
 Fighting Skills
   bare handed combat [Unskilled]
   riding             [Unskilled]
 Weapon Skills
   dagger             [Unskilled]
   knife              [Unskilled]
   axe                [Unskilled]
   short sword        [Unskilled]
   club               [Unskilled]
   mace               [Unskilled]
   quarterstaff       [Basic]
   polearms           [Unskilled]
   spear              [Unskilled]
   trident            [Unskilled]
   sling              [Unskilled]
   dart               [Unskilled]
   shuriken           [Unskilled]
 Spellcasting Skills
   attack spells      [Basic]
   healing spells     [Unskilled]
   divination spells  [Unskilled]
   enchantment spells [Basic]
   clerical spells    [Unskilled]
   escape spells      [Unskilled]
   matter spells      [Unskilled]

Voluntary challenges:
 Character rerolling was not enabled.
 You followed a strict vegan diet.
 You never genocided any monsters.
 You used no wishes.
Achievements:
 You attained the rank of Conjurer.
 You entered a shop.

 The Dungeons of Doom: levels 1 to 2
    Level 1:
    Level 2: <- You were here.
       A general store, a fountain.
       Final resting place for
          you, killed by a wand.


Vanquished creatures:
  a hobbit
  a gecko
  a jackal
  3 kobolds
  3 goblins
  a grid bug
  3 lichens
13 creatures vanquished.

No species were genocided or became extinct.

Game over:
                       ----------
                      /          \
                     /    REST    \
                    /      IN      \
                   /     PEACE      \
                  /                  \
                  |    Calendula     |
                  |       0 Au       |
                  | killed by a wand |
                  |                  |
                  |                  |
                  |                  |
                  |       2026       |
                 *|     *  *  *      | *
        _________)/\\_//(\/(/\)/\//\/|_)_______

Goodbye Calendula the Wizard...

You died in The Dungeons of Doom on dungeon level 2 with 276 points,
and 0 pieces of gold, after 752 moves.
You were level 3 with a maximum of 26 hit points when you died.

